 Dungeon Crawl Stone Soup version 0.28-a0-1524-ge72afd5fc6 (webtiles) character file.

Game seed: 820789624710906030

9 Pin the Skirmisher (level 2, -3/24 HPs)
             Began as a Formicid Abyssal Knight on Jan 17, 2022.
             Was a Follower of Lugonu.
             Slain by a gnoll (6 damage)
             ... on level 1 of the Dungeon.
             The game lasted 00:02:27 (358 turns).

Pin the Skirmisher (Formicid Abyssal Knight)         Turns: 358, Time: 00:02:27

Health: -3/24      AC:  3    Str: 17    XL:     2   Next: 25%
Magic:  3/3        EV: 11    Int:  9    God:    Lugonu [*.....]
Gold:   35         SH:  0    Dex: 11    Spells: 1/1 levels left

rFire   . . .      SeeInvis +   a - +1 hand axe
rCold   . . .      Faith    .   (no shield)
rNeg    . . .      Spirit   .   b - +0 leather armour
rPois   .          Reflect  .   (helmet unavailable)
rElec   .          Harm     .   (no cloak)
rCorr   .          Rampage  .   (no gloves)
Will    .....                   (no boots)
Stlth   +.........              (no amulet)
HPRegen 0.08/turn               (no ring)
MPRegen 0.08/turn               (no ring)

@: no status effects
A: permanent stasis, dig shafts and tunnels, antennae 3, four strong arms
a: Dig, Shaft Self, Renounce Religion, Depart the Abyss


You were on level 1 of the Dungeon.
You worshipped Lugonu.
Lugonu was aware of your devotion.
You visited 1 branch of the dungeon, and saw 1 of its levels.
You visited the Abyss 1 time.

You collected 35 gold pieces.

Inventory:

Hand Weapons
 a - a +1 hand axe (weapon)
Armour
 b - a +0 leather armour (worn)
Potions
 c - a potion of haste {unknown}


   Skills:
 + Level 3.4 Fighting
 + Level 2.1 Axes
 + Level 2.3 Armour
 + Level 1.1 Dodging
 + Level 2.4 Invocations


You had one spell level left.
You didn't know any spells.
Your spell library contained the following spells:

 Spells                   Type           Power      Damage    Failure   Level
 Beastly Appendage        Tmut           0%         N/A       43%         1


Dungeon Overview and Level Annotations

Branches:
Dungeon (1/15)

Altars:


Innate Abilities, Weirdness & Mutations

You cannot be hasted, slowed, berserked, paralysed or teleported.
You can dig through walls and to a lower floor.
You have a pair of large antennae on your head. (SInv)
Your four strong arms can wield two-handed weapons with a shield.


Message History

You are frozen.
The rat moves out of view.
The gnoll moves out of view.
You barely miss the endoplasm. The endoplasm freezes you.
You are frozen.
You hit the endoplasm but do no damage. The endoplasm closely misses you.
You slash the endoplasm!
You kill the endoplasm!
Lugonu accepts your kill.
A rat comes into view.
A quokka comes into view.
The rat bites you but does no damage.
The rat twitches its whiskers.
The rat barely misses you.
You closely miss the rat. The rat barely misses you.
You hit the rat.
The rat is moderately wounded.
You hit the gnoll. The gnoll barely misses you. The rat misses you.
You hit the rat.
You kill the rat!
Lugonu accepts your kill.
You hit the gnoll. The gnoll hits you with a +0 flail.
The rat twitches its whiskers.
You hit the rat.
You kill the rat!
Lugonu accepts your kill.
You hit the gnoll. The gnoll completely misses you.
You hit the gnoll but do no damage.
The gnoll is severely wounded.
You hit the rat but do no damage. The gnoll hits you with a +0 flail!
* * * LOW HITPOINT WARNING * * *
The rat bites you.
* * * LOW HITPOINT WARNING * * *
The gnoll hits you with a +0 flail.
* * * LOW HITPOINT WARNING * * *
You barely miss the gnoll.
The gnoll is severely wounded.
You hit the rat.
You kill the rat!
Lugonu accepts your kill. The gnoll hits you with a +0 flail.
You die...

#### .. ..### .. .....
# #. #.#.# #. #.# #.#.#
#..#..##.#.###
{..........r@##
######....##g..#
.........#..^..#
....(...#.##...#
.....r{#.#PP...#
......#.#.##...# #
......#.#.#...###.#...#
..... # #_......#...#
..... # #....####...


You could see a gnoll and a quokka.

Vanquished Creatures
  An endoplasm (D:1)
  2 kobolds (D:1)
  A quokka (D:1)
  8 rats (D:1)
12 creatures vanquished.

Notes
Turn   | Place    | Note
-------+----------+-------------------------------------------
     0 | Abyss:1  | Pin the Formicid Abyssal Knight began the quest for the
                  | Orb.
     0 | Abyss:1  | Reached XP level 1. HP: 18/18 MP: 2/2
     0 | Abyss:1  | Found a corrupted altar of Lugonu.
    71 | Abyss:1  | Noticed an ancient zyme
    77 | Abyss:1  | Noticed a small abomination
    79 | D:1      | Escaped the Abyss
   252 | D:1      | Reached skill level 1 in Dodging
   309 | D:1      | Reached * piety under Lugonu
   314 | D:1      | Reached XP level 2. HP: 24/24 MP: 3/3
   319 | D:1      | Found a faded altar of an unknown god.
   332 | D:1      | Got Plato's Incunabulum of Shape Shifting
   358 | D:1      | Slain by a gnoll

Illustrated notes

Levels and vault maps discovered:
D:1:      lordsloth_arrival_two_stooges, layout_basic,
          shapermc_ecumenical_altar_rom_forum

Skill      XL: |  1 |
---------------+----+-----
Dodging        | 1 |  1.1
Fighting       | |  3.4
Axes           | |  2.1
Armour         | |  2.3
Invocations    | |  2.4

Action                   || total
-------------------------++-------
Melee: Hand axe          ||    24
Invok: Depart the Abyss  ||     1
Armor: Leather armour    ||     3
Dodge: Dodged            ||    18

Table legend: (Time is in decaauts)
 A = Elapsed time spent in this place.
 B = Non-inter-level travel time spent in this place.
 C = Inter-level travel time spent in this place.
 D = Time resting spent in this place.
 E = Time spent auto-exploring this place.
 F = Levels seen in this place.
 G = Mean time per level.
                   A        B        C        D        E       F      G
               +--------+--------+--------+--------+--------+-----+--------+
         Total |    362 |    362 |      0 |      0 |    275 |   2 |  181.0 |
       Dungeon |    283 |    283 |      0 |      0 |    205 |   1 |  283.0 |
         Abyss |     79 |     79 |      0 |      0 |     70 |   1 |   79.0 |
               +--------+--------+--------+--------+--------+-----+--------+

Top non-repeatable levels by time:
     D:1: 283 daAuts
 Abyss:1: 79 daAuts
